[Event "*** Titled Tuesday 3|2 Blitz"]
[Site "Chess.com"]
[Date "2015.12.01"]
[Round "6"]
[White "BellJackson95"]
[Black "gauranga"]
[Result "1-0"]
[WhiteElo "2193"]
[BlackElo "2041"]
[TimeControl "180+2"]
[EndTime "18:17:02 PST"]
[Termination "BellJackson95 won by resignation"]

1. e4 b6 2. d4 Bb7 3. Nc3 e6 4. Bd3 c5 5. Nf3 cxd4 6. Nxd4 a6 7. O-O d6 8. Re1 Be7 9. Qg4 Bf6 10. Nb3 Nd7 11. Be3 Ne7 12. f4 O-O 13. Qh3 g6 14. Bd4 e5 15. Be3 exf4 16. Bxf4 Ne5 17. Bf1 Bg7 18. Rad1 Qc7 19. Bh6 b5 20. Bxg7 Kxg7 21. a3 f5 22. Nd4 Bc8 23. Qh4 f4 24. Be2 h6 25. Nf3 g5 26. Qf2 N7g6 27. Nd4 Bd7 28. Nd5 Qa7 29. Nb6 Rae8 30. a4 Kh7 31. a5 Rf6 32. Nf5 Bxf5 33. exf5 Rxf5 34. Rxd6 Ref8 35.
Qd4 Qg7 36. Nd7 g4 37. Nxf8+ Rxf8 38. Bd3 f3 39. Rf1 Nxd3 40. Qxg7+ Kxg7 41. Rxd3 Ne5 42. Rd5 Rf5 43. Rxe5 Rxe5 44. gxf3 gxf3 45. Rxf3 Re2 46.
Rf2 Re1+ 47. Kg2 Rb1 48. c3 Ra1 49. b4 Rc1 50. Rf3 Kg6 51. h4 Rc2+ 52. Kf1 Rc1+ 53. Ke2 Rh1 54. Rd3 Rxh4 55. Rd6+ Kf5 56. Rxa6 h5 57.
Rb6 Rh2+ 58. Kd3 Rh3+ 59. Kc2 h4 60. Rxb5+ Ke4 61. a6 Rh2+ 62. Kb3 h3 63. a7 Rg2 64. a8=Q+ 1-0

[Event "*** Titled Tuesday 3|2 Blitz"]
[Site "Chess.com"]
[Date "2015.12.01"]
[Round "6"]
[White "MattyDPerrine"]
[Black "Fh2411"]
[Result "0-1"]
[WhiteElo "2247"]
[BlackElo "2303"]
[TimeControl "180+2"]
[EndTime "18:17:25 PST"]
[Termination "Fh2411 won on time"]

1. d4 Nf6 2. c4 e6 3. Nc3 d5 4.
cxd5 exd5 5. Bg5 c6 6. e3 Bf5 7. Qf3 Bg6 8. Bxf6 Qxf6 9. Qxf6 gxf6 10. Nge2 Nd7 11. h4 h5 12. Kd2 Nb6 13. Ng3 Nc8 14. Bd3 Nd6 15. Rac1 Bh6 16. b3 Kd7 17. Na4 Rae8 18.
Rc2 Rhg8 19. Nc5+ Kc7 20. Rh3 f5 21. f4 Bf8 22. Be2 Be7 23. Bf3 Rh8 24. Nd3 Kd8 25. Ne5 Reg8 26. Rc1 Ne4+ 27. Bxe4 dxe4 28. Ke2 Rh6 29. Kf2 Ke8 30. Ne2 Bh7 31. Nc4 Rg4 32. g3 Rg8 33. Na5 b6 34. Rxc6 Rhg6 35. Rxg6 Bxg6 36.
Nc4 f6 37. Rh1 Bf7 38. Rc1 Kd7 39. Nd2 Ba3 40. Rc2 Be6 41. Nb1 Be7 42. Ke1 Bf7 43. Kf2 Be6 44. Rc1 Bd5 45. Nbc3 Bb7 46. Nb5 Rc8 47.
Rxc8 Bxc8 48. Nbc3 Ba6 49. Nd1 Bd3 50. Nec3 a6 51. Na4 Kc6 52. Nac3 Bb4 53. Ke1 b5 54. Kd2 a5 55. Kc1 Ba3+ 56. Kd2 Bb4 57. Kc1 Ba3+ 58.
Nb2 Bb4 59. Kd2 Bf1 60. a4 bxa4 61. Nxa4 Bd3 62. Nb2 Ba6 63. Nc4 a4 64. Kc2 a3 65.
Na2 Kb5 66. Nxb4 Kxb4 67. Nd6 Bd3+ 0-1

[Event "*** Titled Tuesday 3|2 Blitz"]
[Site "Chess.com"]
[Date "2015.12.01"]
[Round "6"]
[White "Cararay"]
[Black "Anton_Demchenko"]
[Result "0-1"]
[WhiteElo "2221"]
[BlackElo "2633"]
[TimeControl "180+2"]
[EndTime "18:20:58 PST"]
[Termination "Anton_Demchenko won by resignation"]

1. c4 Nf6 2. Nc3 g6 3. e4 d6 4.
d4 Bg7 5. Nge2 O-O 6. f3 Nc6 7. Be3 a6 8. Qd2 Na5 9. b3 b5 10. cxb5 axb5 11. Nc1 b4 12. Na4 c5 13. Rb1 cxd4 14. Bxd4 Nc6 15. Be3 Nd7 16. Kf2 Qa5 17.
Be2 Nc5 18. Nxc5 dxc5 19. Rd1 Rd8 20. Qe1 Nd4 21. Bd3 Be6 22. Kg1 h5 23. Rd2 Rd7 24. Kh1 Rad8 25. Rf2 Nc6 26. Be2 Bc3 27. Qf1 Nd4 28.
Bc4 Bxc4 29. bxc4 Nc2 30. Nb3 Nxe3 31. Nxa5 Nxf1 32. Rfxf1 Ra8 33. Nb3 Rxa2 34. Nxc5 Rdd2 35. Rg1 Rd4 36. Nb3 Rxc4 37. Rgc1 Rc8 38. Nd4 Rc5 39. Nb3 Rg5 40. g3 h4 41. f4 Rh5 42. g4 Rb5 43.
Rd1 g5 44. f5 Be5 45. Nd4 Rb7 46. Nf3 Bf4 47. Rb3 Ra3 48. Rdb1 Rxb3 49. Rxb3 Kg7 50. h3 Kf6 51. Kg2 Bd6 52. Kf1 Rb8 53. Ke2 e6 54. Kd3 exf5 55. exf5 Rd8 56. Kc4 Rc8+ 57. Kb5 Rc1 58. Rd3 Be7 59. Ka4 Ra1+ 60. Kb5 Rh1 61. Nd2 Re1 62. Kc4 Rc1+ 63. Kb3 Re1 64.
Kc4 Kg7 65. Kd5 Rd1 66. Kc4 Kf8 67. Ne4 Rxd3 68. Kxd3 f6 69. Kc4 Ke8 70. Nf2 Kd7 71.
Nd3 Kc6 72. Nf2 Kd6 73. Nd3 b3 74. Kxb3 Kd5 75. Kc3 Ke4 76. Kd2 Kf3 77. Ke1 Kg3 78. Ke2 Kxh3 79. Kf3 Kh2 80. Nf2 Kg1 81. Nh3+ Kf1 82.
Nf2 Bd8 83. Ne4 Ke1 84. Kg2 Ke2 85. Kh3 Ke3 86. Nd6 Kf4 87. Nc4 Bc7 88. Nd2 Be5 89. Nc4 Bd4 90. Nd6 Ke5 91. Nc4+ Kd5 92. Nd2 Be3 93. Nf3 Ke4 94. Ne1 Bd2 95. Nc2 Kd3 96. Na3 Bf4 97. Nb5 Kc4 98. Na7 Kc5 99. Nc8 Bd6 100. Kg2 Bf8 101. Kf3 Kc6 102. Ke4 Bc5 103. Kf3 Kc7 0-1

[Event "*** Titled Tuesday 3|2 Blitz"]
[Site "Chess.com"]
[Date "2015.12.01"]
[Round "7"]
[White "ChadaevNikolay"]
[Black "StellarChessPro"]
[Result "1-0"]
[WhiteElo "2535"]
[BlackElo "2257"]
[TimeControl "180+2"]
[EndTime "18:23:41 PST"]
[Termination "ChadaevNikolay won by resignation"]

1. e4 c6 2. Nf3 d5 3. Nc3 dxe4 4. Nxe4 Nf6 5. Qe2 Nxe4 6. Qxe4 Nd7 7. Bc4 Nf6 8. Ne5 e6 9. Qe2 Qc7 10. d4 Bd6 11.
O-O O-O 12. Re1 b5 13. Bd3 a6 14. Bg5 c5 15. Bxf6 gxf6 16. Bxh7+ Kxh7 17. Qh5+ Kg7 18. Qg4+ 1-0

[Event "*** Titled Tuesday 3|2 Blitz"]
[Site "Chess.com"]
[Date "2015.12.01"]
[Round "7"]
[White "oskariot"]
[Black "Viaje"]
[Result "1-0"]
[WhiteElo "2235"]
[BlackElo "2180"]
[TimeControl "180+2"]
[EndTime "18:24:31 PST"]
[Termination "oskariot won by resignation"]

1. e4 c5 2. Nf3 d6 3. d4 cxd4 4. Nxd4 Nf6 5. Nc3 a6 6. f4 e5 7. Nf3 Nbd7 8. a4 Be7 9. Bd3 O-O 10. O-O exf4 11. Bxf4 Qb6+ 12. Kh1 Qxb2 13. Qe1 Nc5 14. Rb1 Qa3 15. Bc4 Be6 16. Bc1 Qxc3 17. Qxc3 Nfxe4 18. Qe3 Bxc4 19. Re1 f5 20. Bb2 Rae8 21. Qd4 1-0

[Event "*** Titled Tuesday 3|2 Blitz"]
[Site "Chess.com"]
[Date "2015.12.01"]
[Round "7"]
[White "Assasin14"]
[Black "chessbia"]
[Result "1-0"]
[WhiteElo "1903"]
[BlackElo "2047"]
[TimeControl "180+2"]
[EndTime "18:25:01 PST"]
[Termination "Assasin14 won by resignation"]

1. e4 e5 2. Nf3 Nc6 3. Bb5 a6 4. Ba4 Nf6 5. Qe2 b5 6. Bb3 Bc5 7. O-O O-O 8. c3 d6 9. Rd1 Bg4 10. h3 Bh5 11. d3 h6 12. g4 Bg6 13. Nbd2 Qd7 14. Nf1 b4 15. Ng3 a5 16. Ba4 Ra6 17. d4 exd4 18. Qxa6 dxc3 19. Bxc6 Qe6 20. Qe2 Nxg4 21.
hxg4 Qxg4 22. Be3 cxb2 23. Rab1 Bxe3 24. Qxe3 1-0

[Event "*** Titled Tuesday 3|2 Blitz"]
[Site "Chess.com"]
[Date "2015.12.01"]
[Round "7"]
[White "Boryboy"]
[Black "ArnaudovP"]
[Result "1/2-1/2"]
[WhiteElo "2537"]
[BlackElo "2342"]
[TimeControl "180+2"]
[EndTime "18:25:11 PST"]
[Termination "Game drawn by agreement"]

1. d4 Nf6 2. Nf3 e6 3. c4 Nc6 4. g3 d5 5. Bg2 dxc4 6. Qa4 Bb4+ 7. Bd2 Nd5 8. Bxb4 Nxb4 9. O-O a6 10. Ne5 O-O 11.
Nxc6 Nxc6 12. Bxc6 bxc6 13. Qxc4 Rb8 14. b3 Qd6 15. Nc3 Rb4 16. Ne4 Rxc4 17. Nxd6 Rxd4 18. Nxc8 Rxc8 19. Rac1 Rd2 20. a4 Rb8 21. Rxc6 Rxb3 22. Rxa6 g6 23. e3 Rbb2 24. Rc6 Ra2 25. Rxc7 1/2-1/2

[Event "*** Titled Tuesday 3|2 Blitz"]
[Site "Chess.com"]
[Date "2015.12.01"]
[Round "7"]
[White "Colombiano07"]
[Black "Po6Don"]
[Result "0-1"]
[WhiteElo "2106"]
[BlackElo "2078"]
[TimeControl "180+2"]
[EndTime "18:25:43 PST"]
[Termination "Po6Don won by resignation"]

1. d4 d5 2. Nf3 Bg4 3. g3 Nc6 4. Bg2 e6 5. O-O Bd6 6. c4 Nf6 7. cxd5 Nxd5 8. e4 Nb6 9. Be3 O-O 10. Nbd2 f5 11. e5 Be7 12. Qb3 Nd5 13. Qxb7 Ncb4 14. Qb5 Nc2 15. Qc6 f4 16. gxf4 Nxa1 17. Rxa1 Rb8 18. h3 Rb6 19. Qa4 Bxf3 20. Nxf3 Nxf4 21. Qxa7 Nxg2 22. Kxg2 Qd5 0-1

[Event "*** Titled Tuesday 3|2 Blitz"]
[Site "Chess.com"]
[Date "2015.12.01"]
[Round "7"]
[White "1stSecond"]
[Black "jefferyx"]
[Result "0-1"]
[WhiteElo "2468"]
[BlackElo "2560"]
[TimeControl "180+2"]
[EndTime "18:25:58 PST"]
[Termination "jefferyx won by resignation"]

1. d4 b5 2. Nf3 Bb7 3. e3 a6 4. Bd3 e6 5. O-O g5 6. Nbd2 g4 7. Ne1 h5 8. c4 Nf6 9. Qe2 c5 10. dxc5 Bxc5 11. a3 Bd6 12. b4 Qc7 13. f4 gxf3 14.
Nexf3 Ng4 15. Ne4 Bxh2+ 16. Kh1 bxc4 17. Bxc4 Bxe4 18. Bb2 Rg8 19. Rac1 Nc6 20. Bd3 Bxd3 21. Qxd3 Qg3 22. Rc2 h4 23. Qh7 Nxe3 24. Ne5 Nxe5 25. Bxe5 Qg6 26. Qxg6 Rxg6 0-1

[Event "*** Titled Tuesday 3|2 Blitz"]
[Site "Chess.com"]
[Date "2015.12.01"]
[Round "7"]
[White "Anton_Demchenko"]
[Black "dawnrule"]
[Result "1-0"]
[WhiteElo "2635"]
[BlackElo "2243"]
[TimeControl "180+2"]
[EndTime "18:26:20 PST"]
[Termination "Anton_Demchenko won by resignation"]

1. e4 c5 2. Nf3 d6 3. d4 cxd4 4. Nxd4 Nf6 5. Nc3 g6 6. Be3 Bg7 7. f3 O-O 8. Qd2 Nc6 9. Bc4 Bd7 10. O-O-O Rc8 11. Be2 Ne5 12. g4 Nc4 13. Bxc4 Rxc4 14. h4 a6 15. h5 b5 16. hxg6 fxg6 17. Bh6 b4 18. Nd5 Rf7 19. Bxg7 Rxg7 20. Nxf6+ exf6 21. Ne2 Qc7 22. Kb1 Bb5 23. Nf4 Rf7 24. b3 Rc5 25. Ne6 Qe7 26. Nxc5 dxc5 27. Qd8+ Kg7 28. Rxh7+ Kxh7 29. Rh1+ 1-0

[Event "*** Titled Tuesday 3|2 Blitz"]
[Site "Chess.com"]
[Date "2015.12.01"]
[Round "7"]
[White "Konavets"]
[Black "cheese111"]
[Result "1-0"]
[WhiteElo "2496"]
[BlackElo "2210"]
[TimeControl "180+2"]
[EndTime "18:27:00 PST"]
[Termination "Konavets won by checkmate"]

1. e4 d5 2. exd5 Qxd5 3. Nc3 Qd6 4. d4 Nf6 5. Nf3 c6 6. Ne5 Nbd7 7. Nc4 Qc7 8. Qf3 Nb6 9. Bf4 Qd7 10. Ne5 Qd8 11. O-O-O e6 12. g4 Be7 13. h4 O-O 14. g5 Nfd5 15.
Bd3 Nxc3 16. bxc3 Nd5 17. Kd2 Qa5 18. Be4 Nxc3 19. Ke3 Nxe4 20. Qxe4 c5 21. Kf3 cxd4 22. Rxd4 Qc3+ 23. Kg2 f6 24. gxf6 Bxf6 25. h5 h6 26. Rh3 Qa5 27. Rg3 Rb8 28. Ng4 Bxd4 29. Qg6 Qd5+ 30. Kh2 Kh8 31. Bxh6 gxh6 32. Qxh6+ Kg8 33.
Ne5# 1-0

[Event "*** Titled Tuesday 3|2 Blitz"]
[Site "Chess.com"]
[Date "2015.12.01"]
[Round "7"]
[White "UltimateCrusher2"]
[Black "gumersindo"]
[Result "0-1"]
[WhiteElo "2026"]
[BlackElo "2203"]
[TimeControl "180+2"]
[EndTime "18:28:15 PST"]
[Termination "gumersindo won by resignation"]

1. e4 c6 2. c4 d6 3. d4 Nf6 4. Nc3 g6 5. Nf3 Bg7 6. Be2 Nbd7 7. O-O O-O 8. Re1 e5 9. d5 Qc7 10. Bf1 a5 11. a3 Nc5 12. b3 a4 13. b4 Nb3 14.
Rb1 Nd4 15. Nxd4 exd4 16. Qxd4 Nd7 17. Qe3 Ne5 18. h3 f5 19. f4 Nf7 20. Bb2 Re8 21. Kh1 Bd7 22. Qf3 Qd8 23. exf5 Bxf5 24.
Bd3 Bxd3 25. Qxd3 Qh4 26. Rf1 Nh6 27. Ne4 Nf5 28. Bxg7 Rxe4 29. Rf3 Rae8 30. Bb2 Re3 31. Rxe3 Rxe3 32. Qd2 Qxf4 33. Re1 Rxh3+ 34. gxh3 Qxd2 35. Re8+ Kf7 36. Re7+ 0-1

[Event "*** Titled Tuesday 3|2 Blitz"]
[Site "Chess.com"]
[Date "2015.12.01"]
[Round "7"]
[White "gmjoey1"]
[Black "ItalianMachine"]
[Result "1-0"]
[WhiteElo "2424"]
[BlackElo "2230"]
[TimeControl "180+2"]
[EndTime "18:28:23 PST"]
[Termination "gmjoey1 won by resignation"]

1. e4 e5 2. Nf3 Nc6 3. Nc3 Nf6 4. Bb5 d6 5. d4 exd4 6. Bxc6+ bxc6 7. Qxd4 Be7 8. O-O O-O 9. h3 h6 10. b3 Be6 11.
Bb2 Ne8 12. Rad1 Qc8 13. Rfe1 c5 14. Qd3 c6 15. Ne2 d5 16. exd5 cxd5 17. Nf4 Nc7 18.
Nh5 d4 19. Nxd4 cxd4 20. Qg3 Ne8 21. Bxd4 f6 22. c4 Bd6 23. Qf3 Bf7 24. Bc3 Bxh5 25.
Qxh5 Qc7 26. Qd5+ Kh8 27. Qxa8 1-0

[Event "*** Titled Tuesday 3|2 Blitz"]
[Site "Chess.com"]
[Date "2015.12.01"]
[Round "7"]
[White "kungmongmanh"]
[Black "AdrianaNikolova"]
[Result "0-1"]
[WhiteElo "2357"]
[BlackElo "2194"]
[TimeControl "180+2"]
[EndTime "18:28:59 PST"]
[Termination "AdrianaNikolova won by checkmate"]

1. d4 d5 2. c4 c6 3. Nc3 Nf6 4. Nf3 dxc4 5. a4 Bf5 6. Ne5 Nbd7 7. Nxc4 Qc7 8. g3 e5 9. dxe5 Nxe5 10. Bf4 Nfd7 11. Bg2 g5 12. Nxe5 gxf4 13. Nxd7 Bxd7 14. O-O Bg7 15. Qc2 h5 16. Rfd1 O-O-O 17. Rac1 Bxc3 18.
Qxc3 h4 19. gxf4 h3 20. Bf3 Qxf4 21. Rd4 Qg5+ 22. Kh1 Rhg8 23. Qd2 Qf5 24. Qf4 Qxf4 25. Rxf4 Be6 26. b4 Kb8 27. b5 cxb5 28. axb5 Rd2 29. b6 axb6 30. Rb4 Rgd8 31. Rg1 Bf5 32. Rxb6 Rd1 33. e3 Be4 34. Bxe4 Rxg1+ 35. Kxg1 Rd1# 0-1

[Event "*** Titled Tuesday 3|2 Blitz"]
[Site "Chess.com"]
[Date "2015.12.01"]
[Round "7"]
[White "Gevorg_Harutjunyan"]
[Black "MisaPap"]
[Result "1-0"]
[WhiteElo "2522"]
[BlackElo "2379"]
[TimeControl "180+2"]
[EndTime "18:29:19 PST"]
[Termination "Gevorg_Harutjunyan won by resignation"]

1. e4 c5 2. Nc3 Nc6 3. Bb5 Nd4 4.
Bc4 e6 5. Nge2 Nf6 6. O-O a6 7. a4 Nxe4 8. Nxe4 d5 9. Bd3 dxe4 10. Bxe4 Bd6 11. d3 f5 12. Nxd4 cxd4 13. Bf3 O-O 14. Re1 Qc7 15. g3 e5 16. Bd5+ Kh8 17. Bd2 Bd7 18. c4 a5 19. Qf3 Rab8 20. Re2 b6 21. b3 Qd8 22. Rae1 Qf6 23. Qh5 f4 24. gxf4 exf4 25.
Re6 Bxe6 26. Rxe6 Qd8 27. Be4 g6 28. Bxg6 Rb7 29. Be4 Rg7+ 30. Kf1 Bb4 31. Bxb4 axb4 32. Ke2 Qd7 33. Qe5 f3+ 34. Kd2 Qd8 35. Rh6 b5 36.
Rxh7+ 1-0

[Event "*** Titled Tuesday 3|2 Blitz"]
[Site "Chess.com"]
[Date "2015.12.01"]
[Round "7"]
[White "gauranga"]
[Black "ethylalcohol"]
[Result "1-0"]
[WhiteElo "2050"]
[BlackElo "1921"]
[TimeControl "180+2"]
[EndTime "18:29:20 PST"]
[Termination "gauranga won by resignation"]

1. b3 e5 2. Bb2 Nc6 3. e3 d5 4. Bb5 Bd6 5. f4 Qe7 6. Nf3 f6 7. O-O Bg4 8. h3 Bxf3 9. Qxf3 e4 10. Qf2 Nh6 11. Nc3 Qf7 12. d3 exd3 13. Bxd3 O-O-O 14. a3 Bc5 15. b4 Bb6 16. Na4 Rhe8 17. Nxb6+ axb6 18. Rfe1 g6 19. Qh4 Nf5 20. Bxf5+ gxf5 21. Qxf6 Qd7 22.
Rad1 Re6 23. Qxf5 Rg8 24. Qxd5 Qe7 25. e4 Kb8 26. f5 Rh6 27. Qxg8+ Ka7 28. f6 Rxf6 29.
Bxf6 Qxf6 30. b5 Ne5 31. Rd8 Nf3+ 32. gxf3 1-0

[Event "*** Titled Tuesday 3|2 Blitz"]
[Site "Chess.com"]
[Date "2015.12.01"]
[Round "7"]
[White "jlandaw"]
[Black "yopino"]
[Result "1-0"]
[WhiteElo "2362"]
[BlackElo "2217"]
[TimeControl "180+2"]
[EndTime "18:29:21 PST"]
[Termination "jlandaw won by resignation"]

1. e4 c5 2. Nc3 g6 3. g3 Bg7 4. Bg2 Nc6 5. d3 d6 6. f4 Rb8 7. a3 h5 8. h3 e6 9. Nf3 Nge7 10. O-O b5 11. Rb1 a5 12. a4 b4 13. Nb5 Ba6 14. c4 bxc3 15. bxc3 Na7 16. c4 Nac6 17. e5 dxe5 18.
fxe5 Nxe5 19. Bf4 Bxb5 20. Nxe5 Ba6 21. Rxb8 Qxb8 22. Nxf7 e5 23. Nxh8 exf4 24. Nxg6 Nxg6 25. Qxh5 Bd4+ 26. Kh1 Qd6 27. Be4 Kd8 28. Qxg6 Bc8 29.
Qxd6+ 1-0

[Event "*** Titled Tuesday 3|2 Blitz"]
[Site "Chess.com"]
[Date "2015.12.01"]
[Round "7"]
[White "DanielNaroditsky"]
[Black "jcibarra"]
[Result "1-0"]
[WhiteElo "2570"]
[BlackElo "2509"]
[TimeControl "180+2"]
[EndTime "18:29:50 PST"]
[Termination "DanielNaroditsky won by resignation"]

1. d4 Nf6 2. Nc3 d5 3. Bf4 a6 4. e3 Nc6 5. Nf3 Bg4 6. Be2 Bxf3 7. Bxf3 e6 8. Ne2 Bd6 9. O-O O-O 10. c4 dxc4 11.
Bxc6 bxc6 12. Qa4 Rb8 13. Rab1 Ne4 14. Qc2 f5 15. f3 Nf6 16. Bg5 h6 17. Bxf6 Qxf6 18.
Qxc4 Rb6 19. e4 fxe4 20. fxe4 Rxb2 21. e5 Bxe5 22. dxe5 Qxe5 23. Rxf8+ Kxf8 24. Rxb2 Qxb2 25. Qxe6 Qb1+ 26. Kf2 Qb6+ 27. Kf3 Qb5 28. Nf4 g5 29. Qxh6+ Ke7 30. Qg7+ Kd6 31. Qd4+ Ke7 32. Ng6+ Kf7 33. Ne5+ Ke6 34. Nd3 Qa5 35. Nc5+ Ke7 36. Qe5+ Kf7 37. Qf5+ Ke7 38. Qxg5+ Kf7 39. Qf5+ Ke7 40. Qe5+ Kf7 41. Qe6+ Kg7 42. Ne4 Qa3+ 43. Kg4 Qb2 44. Qf6+ Qxf6 45. Nxf6 Kxf6 46. Kf4 Ke6 47. Ke4 1-0

[Event "*** Titled Tuesday 3|2 Blitz"]
[Site "Chess.com"]
[Date "2015.12.01"]
[Round "7"]
[White "HustleStandard"]
[Black "wonderfultime"]
[Result "0-1"]
[WhiteElo "2392"]
[BlackElo "2635"]
[TimeControl "180+2"]
[EndTime "18:29:55 PST"]
[Termination "wonderfultime won on time"]

1. d4 d5 2. Nf3 Nf6 3. g3 c6 4.
Bg2 Bf5 5. c4 e6 6. Nc3 Nbd7 7.
Nh4 Bg6 8. O-O Be7 9. Nxg6 hxg6 10. e3 O-O 11. b3 Re8 12. Qd3 Bf8 13. Bb2 Qa5 14.
a3 Rad8 15. Rac1 dxc4 16. Qxc4 Qh5 17. Ne2 e5 18. b4 Nb6 19. Qc2 e4 20. Nc3 Qf5 21.
Qb3 g5 22. b5 c5 23. dxc5 Bxc5 24. Rfd1 Bf8 25. a4 Nbd7 26. Qc2 Nc5 27. Rxd8 Rxd8 28. Rd1 Rxd1+ 29. Qxd1 Nd3 30. Qe2 Ne5 31. Qd1 Nf3+ 32. Kh1 Ng4 33. Nxe4 Nfxh2 34. Qe2 Qh7 35. f3 Nxf3+ 0-1

[Event "*** Titled Tuesday 3|2 Blitz"]
[Site "Chess.com"]
[Date "2015.12.01"]
[Round "7"]
[White "Fh2411"]
[Black "JustKid"]
[Result "0-1"]
[WhiteElo "2291"]
[BlackElo "2116"]
[TimeControl "180+2"]
[EndTime "18:29:58 PST"]
[Termination "JustKid won on time"]

1. e4 d6 2. d4 Nf6 3. Nc3 g6 4.
f4 Bg7 5. Nf3 O-O 6. Be2 c5 7.
d5 Na6 8. O-O Nc7 9. a4 a6 10.
a5 e6 11. Bc4 exd5 12. exd5 Re8 13. Na4 Bf5 14. Nb6 Rb8 15. c3 Ne4 16. Re1 Na8 17.
Nxa8 Rxa8 18. Be3 b5 19. axb6 Qxb6 20. Ra2 h6 21. h3 Nf6 22. Nd2 Bd7 23. Bf2 Bb5 24.
Rxe8+ Rxe8 25. Qf3 Bxc4 26. Nxc4 Qb3 27. Rxa6 Qxc4 28.
Rxd6 Ne4 29. Rd7 Qb5 30. Rc7 Qxb2 31. Bxc5 Nxc5 32. Rxc5 Rd8 33. Rc6 Qc1+ 34. Kh2 Qd2 35. c4 Bf8 36. h4 Bd6 37. Kg3 g5 38. hxg5 hxg5 39. Kg4 Bxf4 40. Qe4 Qd1+ 41. Kf5 Qh5 42. Qe7 Ra8 0-1

[Event "*** Titled Tuesday 3|2 Blitz"]
[Site "Chess.com"]
[Date "2015.12.01"]
[Round "7"]
[White "Alliswell998"]
[Black "bugsbunny444"]
[Result "0-1"]
[WhiteElo "2138"]
[BlackElo "2352"]
[TimeControl "180+2"]
[EndTime "18:30:04 PST"]
[Termination "bugsbunny444 won by checkmate"]

1. e4 e6 2. d4 d5 3. Nc3 Nf6 4. Bg5 Bb4 5. e5 h6 6. Bd2 Bxc3 7. bxc3 Ne4 8. Qg4 g6 9. Bc1 Nxc3 10. Bd3 Qe7 11. Nf3 Nc6 12. Bd2 Na4 13. O-O Bd7 14.
Rab1 O-O-O 15. Bb5 Nb8 16. Bb4 Qe8 17. Bd3 Nb6 18.
Bc5 Ba4 19. Rb4 N8d7 20. Rfb1 f5 21. exf6 Nxf6 22. Qxg6 Qxg6 23. Bxg6 Be8 24. Be7 Bxg6 25. Bxf6 Bxc2 26. Rc1 Ba4 27. Bxh8 Rxh8 28. Ne5 Rf8 29. Rc3 Be8 30. Rf3 Rxf3 31. Nxf3 Nc4 32. Ne5 c5 33. Rb1 cxd4 34. Nxc4 dxc4 35. Kf1 c3 36. Rc1 Bb5+ 37. Ke1 Bc4 38. a3 b5 39. Kd1 a5 40. Kc2 b4 41.
axb4 axb4 42. Rb1 b3+ 43. Kc1 d3 44. f4 d2+ 45. Kd1 c2+ 46. Kxd2 cxb1=Q 47. Kc3 Qc1+ 48. Kb4 b2 49. f5 b1=Q+ 50. Kc5 Qe3+ 51. Kd6 Qb4+ 52.
Kc6 Qbb6# 0-1

[Event "*** Titled Tuesday 3|2 Blitz"]
[Site "Chess.com"]
[Date "2015.12.01"]
[Round "7"]
[White "HansCoolNiemann"]
[Black "BellJackson95"]
[Result "0-1"]
[WhiteElo "2198"]
[BlackElo "2201"]
[TimeControl "180+2"]
[EndTime "18:30:10 PST"]
[Termination "BellJackson95 won by resignation"]

1. d4 Nf6 2. c4 c5 3. d5 e6 4. Nc3 exd5 5. cxd5 d6 6. Nf3 g6 7. Bf4 a6 8. a4 Bg7 9. e4 O-O 10. Nd2 Nh5 11. Be3 Re8 12. Be2 Nf6 13. O-O Nbd7 14. f4 Qe7 15. Qc2 Nxe4 16. Ncxe4 f5 17. Bf3 fxe4 18. Nxe4 Nf6 19. Nxf6+ Bxf6 20. Rae1 Bf5 21.
Qd2 Qg7 22. g4 Bd7 23. Bf2 Bxb2 24. Rb1 Bc3 25. Qc2 b5 26. axb5 axb5 27. Kh1 b4 28.
f5 Bb5 29. Rg1 Bc4 30. Qc1 Bd3 31. Rb3 c4 32. Rxc3 Qxc3 33. Qg5 Bxf5 34. Qf4 Bd3 35.
Bd4 Rf8 36. Qe3 Rae8 37. Qf2 Rxf3 38. Qxf3 Qxd4 39. Qf2 Qxf2 0-1

[Event "*** Titled Tuesday 3|2 Blitz"]
[Site "Chess.com"]
[Date "2015.12.01"]
[Round "7"]
[White "Hikaru"]
[Black "Kacparov"]
[Result "1-0"]
[WhiteElo "2910"]
[BlackElo "2542"]
[TimeControl "180+2"]
[EndTime "18:30:24 PST"]
[Termination "Hikaru won by resignation"]

1. b3 e5 2. Bb2 Nc6 3. e3 d5 4. Bb5 Bd6 5. f4 f6 6. fxe5 fxe5 7. Nf3 Bg4 8. h3 Bxf3 9. Qxf3 Nf6 10. O-O O-O 11.
Nc3 a6 12. Bxc6 bxc6 13. Qe2 e4 14. Na4 Qe7 15. Rf5 Nd7 16. Raf1 Rxf5 17. Rxf5 Ne5 18. c4 Qe6 19. Rf1 dxc4 20. Qh5 cxb3 21. axb3 Qg6 22.
Qxg6 Nxg6 23. Rc1 Rb8 24. Rxc6 Rxb3 25. Rxa6 Kf7 26. Kf1 Ne7 27. Ke2 Rb5 28. g4 h5 29.
gxh5 Rxh5 30. Nc3 Be5 31. Ra4 Nf5 32. Ra5 Bxc3 33. Bxc3 g6 34. Ra7 Rxh3 35. Rxc7+ Ke8 36. Be5 g5 37. Rc5 g4 38. Bf4 Nh4 39. Re5+ Kf7 40. Rxe4 Nf5 41. Re5 Kf6 42. Rd5 g3 43. e4 Ng7 44.
Be5+ Kf7 45. Bxg7 Kxg7 46. Kf3 Kf6 47. d3 Ke6 48. Kg2 Rh8 49. Kxg3 Rf8 50. d4 Rf1 51. Ra5 Rd1 52. Ra6+ Ke7 53. d5 Rf1 54. Kg4 Rf2 55. e5 Rf1 56. Ra7+ Ke8 57. d6 Kf8 58. e6 Rg1+ 59.
Kf3 Rf1+ 60. Kg2 1-0

[Event "*** Titled Tuesday 3|2 Blitz"]
[Site "Chess.com"]
[Date "2015.12.01"]
[Round "7"]
[White "Yaacovn"]
[Black "JustaTrickstar"]
[Result "0-1"]
[WhiteElo "2607"]
[BlackElo "2482"]
[TimeControl "180+2"]
[EndTime "18:30:36 PST"]
[Termination "JustaTrickstar won on time"]

1. d4 f5 2. Nf3 Nf6 3. g3 g6 4. Bg2 Bg7 5. O-O O-O 6. c4 d6 7. Nc3 c6 8. b3 Qa5 9. Bb2 e5 10. d5 Rd8 11. dxc6 bxc6 12. a3 Qc7 13. b4 Be6 14.
Qb3 h6 15. b5 Nbd7 16. a4 Nc5 17. Qa2 a6 18. bxc6 Qf7 19. Nd2 e4 20. Rfd1 Ng4 21.
e3 Nd3 22. Ndxe4 fxe4 23. Nxe4 Nxb2 24. c7 Qxc7 25. Rxd6 Rxd6 26. Nxd6 Rd8 27. Ne4 Bxc4 28. Qa3 Bd5 29. h3 Nc4 30. Rc1 Nxa3 31. Rxc7 Nf6 32. Nc5 Bf8 33. Bxd5+ Rxd5 34. Ne6 Bd6 35. Rc6 a5 36. Ra6 Bb4 37. Nd4 Kf7 38. Ra7+ Rd7 39. Ra6 Nc4 40. Nc6 Rc7 41. Kg2 Nd7 42. e4 Nc5 43. Ra7 Rxa7 44. Nxa7 Nxa4 45. Nc6 Nc5 46. Nd4 Nxe4 47. Nb5 a4 48. Kf3 Ned6 0-1

[Event "*** Titled Tuesday 3|2 Blitz"]
[Site "Chess.com"]
[Date "2015.12.01"]
[Round "7"]
[White "the_drake"]
[Black "alex_zapata"]
[Result "0-1"]
[WhiteElo "2005"]
[BlackElo "2166"]
[TimeControl "180+2"]
[EndTime "18:31:00 PST"]
[Termination "alex_zapata won by resignation"]

1. e4 c5 2. Nf3 d6 3. d4 cxd4 4. Nxd4 Nf6 5. Nc3 a6 6. Be3 e5 7. Nf3 Be6 8. Ng5 Qc8 9. Bd3 Bd7 10. Qe2 h6 11. Nf3 Be7 12. Bc4 Be6 13. Bxe6 Qxe6 14. O-O O-O 15. Rfd1 b5 16. Nd5 Nxd5 17. Rxd5 f5 18.
Qd3 f4 19. Bb6 Nd7 20. Ba5 Nf6 21. c4 bxc4 22. Qxc4 Nxd5 23. exd5 Qc8 24. Qe4 Qf5 25. Qc4 Rfc8 26. Qb3 Rab8 27. Qa4 Rxb2 28. h3 Qc2 29. Qxc2 Rcxc2 30. Be1 Rxa2 31. Rb1 a5 32. Rb7 Bf8 33. Kh2 a4 34. Nh4 a3 35. Ng6 Rab2 36. Ra7 Rb1 37. Rxa3 Rxe1 38. Ra8 Kf7 39. Nxf8 Rxf2 40. Ne6 f3 41.
Rf8+ Ke7 42. Kg3 Rxg2+ 43. Kxf3 Rf1+ 44. Kxg2 Rxf8 45. Kg3 Rf6 46. Nc7 Rf4 47. h4 Rd4 48. h5 Kd7 49. Ne6 Rxd5 50. Nxg7 Rd4 51. Nf5 Ra4 52. Nxh6 Ke6 53. Ng4 Kf5 54. Ne3+ Kg5 55. h6 Rh4 56. Kf3 Rxh6 57. Ke4 Rh4+ 58. Kd5 Rd4+ 59. Ke6 Kf4 60. Ng2+ Kf3 61. Nh4+ Rxh4 62. Kxd6 e4 63. Kd5 e3 0-1